 Dungeon Crawl Stone Soup version 0.30.1 (webtiles) character file.

Game seed: 4664758768436629287

481 boopmooplesden the Trooper (level 6, -8/75 HPs)
             Began as a Demonspawn Berserker on July 8, 2023.
             Was a Believer of Trog.
             Mangled by Edmund
             ... wielding a +1 dire flail of holy wrath
              (11 damage)
             ... on level 5 of the Dungeon.
             The game lasted 00:04:03 (3702 turns).

boopmooplesden the Trooper (Demonspawn Berserker)   Turns: 3702, Time: 00:04:04

Health: -8/75      AC:  2    Str: 19    XL:     6   Next: 87%
Magic:  6/6        EV: 12    Int:  8    God:    Trog [**....]
Gold:   177        SH:  4    Dex: 13    Spells: 5/5 levels left

rFire   . . .        i - +5 falchion (vamp)
rCold   . . .        (no shield)
rNeg    . . .        b - +0 animal skin
rPois   .            (helmet restricted)
rElec   .            (no cloak)
rCorr   .            (no gloves)
SInv    .            (no boots)
Will    .....        (no amulet) Stlth
                     (no ring)
HPRegen 0.32/turn    (no ring)
MPRegen 0.10/turn

%: no passive effects
@: berserking, studying Fighting, very quick
A: horns 1, powered by death 1, condensation shield
a: Renounce Religion, Berserk, Trog's Hand


You were on level 5 of the Dungeon.
You worshipped Trog.
Trog was pleased with you.
You visited 1 branch of the dungeon, and saw 5 of its levels.

You collected 177 gold pieces.

Inventory:

Hand Weapons
 a - a +0 spear
 i - a +5 vampiric falchion (weapon)
Armour
 b - a +0 animal skin (worn)
Scrolls
 k - 3 scrolls of teleportation
Potions
 d - 2 potions of curing
 e - a potion of ambrosia {unknown}
 g - 2 potions of haste
 j - 2 potions of flight {unknown}
 l - a potion of lignification {unknown}
 p - a potion of mutation {unknown}
 s - a potion of might {unknown}
 u - a potion of heal wounds {unknown}


   Skills:
 + Level 4.9 Fighting
 + Level 3.1 Long Blades
 + Level 4.4 Polearms
 + Level 2.2 Armour
 + Level 2.7 Dodging
 + Level 1.7 Stealth
 + Level 0.5 Shields


You had 5 spell levels left.
You didn't know any spells.
Your spell library was empty.

Dungeon Overview and Level Annotations

Branches:
Dungeon (5/15)
 Temple: D:4-7

Altars:
Ashenzari
Fedhas
Xom

Annotations:
D:5 Edmund


Innate Abilities, Weirdness & Mutations

You have a pair of small horns on your head.
You regenerate a little health from kills.
A meltable shield of frost defends you. (SH +4)


Message History

As you read the scroll labelled WUAWINIHAE, it crumbles to dust.
It is a scroll of identify.
g - 2 potions of haste
As you read the scroll labelled UTHRUN PUXOURA, it crumbles to dust.
You feel momentarily disoriented.
It was a scroll of magic mapping.
As you read the scroll labelled BEESU SAMNA, it crumbles to dust.
It is a scroll of brand weapon.
Your +5 falchion thirsts for the lives of mortals!
i - a +5 vampiric falchion (weapon)
You swap places.
(D) Dungeon
Where to? (? - help)
What level of the Dungeon? (default 1, ? - help)
There is a stone staircase leading down here.
You climb downwards.
Your summoned allies are left behind.
Found 11 gold pieces.
There is a stone staircase leading up here.
Edmund is nearby!
The helpless Edmund fails to defend himself.
You hit Edmund.
Edmund is lightly wounded.
Edmund misses you.
You slash Edmund! You headbutt Edmund, but do no damage.
Edmund is moderately wounded.
Edmund hits you with a +1 dire flail of holy wrath!
You convulse.
You hit Edmund but do no damage.
Edmund is moderately wounded.
Edmund hits you with a +1 dire flail of holy wrath!
You convulse!
* * * LOW HITPOINT WARNING * * *
You barely miss Edmund.
Edmund is moderately wounded.
Edmund misses you.
A red film seems to cover your vision as you go berserk!
You feel yourself moving faster!
You feel mighty!
Edmund hits you with a +1 dire flail of holy wrath!
* * * LOW HITPOINT WARNING * * *
You convulse!
You die...

#. ..
#######.##
#........#.
#...@......
#..@....$#
#.<......#
#..........
#........#.
#........#
#.######...
#. ### #.
#.


You could see Edmund.

Vanquished Creatures
  Grinder (D:3)
  A phantom (D:4)
  A hound (D:4)
  An orc priest (D:3)
  Jessica (D:3)
  An orc wizard (D:3)
  2 adders
  A worm (D:2)
  2 dart slugs
  4 orcs (D:3)
  3 ball pythons
  9 endoplasms
  3 giant cockroaches
  7 goblins
  8 hobgoblins
  5 quokkas
  5 bats
  3 frilled lizards
  3 kobolds
  4 rats
65 creatures vanquished.

Notes
Turn   | Place    | Note
-------+----------+-------------------------------------------
     0 | D:1      | boopmooplesden the Demonspawn Berserker began the quest for
                  | the Orb.
     0 | D:1      | Reached XP level 1. HP: 18/18 MP: 1/1
   212 | D:1      | Gained mutation: You have a pair of small horns on your
                  | head. [demonic ancestry]
   212 | D:1      | Reached XP level 2. HP: 14/24 MP: 2/2
   654 | D:1      | Identified a scroll of acquirement
   654 | D:1      | Acquired a manual of Fighting
   696 | D:2      | Reached ** piety under Trog
   842 | D:2      | Gained mutation: You regenerate a little health from kills.
                  | [demonic ancestry]
   842 | D:2      | Reached XP level 3. HP: 27/29 MP: 3/3
  1656 | D:3      | Gained mutation: A meltable shield of frost defends you.
                  | (SH +4) [demonic ancestry]
  1656 | D:3      | Reached XP level 4. HP: 31/37 MP: 4/4
  1748 | D:3      | Found a faded altar of an unknown god.
  1896 | D:3      | Noticed Jessica
  1900 | D:3      | Killed Jessica
  2081 | D:3      | Noticed Grinder
  2085 | D:3      | Paralysed by Grinder for 3 turns
  2089 | D:3      | Paralysed by Grinder for 5 turns
  2090 | D:3      | HP: 1/55 [Grinder (6)]
  2107 | D:3      | Killed Grinder
  2108 | D:3      | Reached skill level 1 in Stealth
  2108 | D:3      | Reached XP level 5. HP: 4/43 MP: 5/5
  2108 | D:3      | Reached XP level 6. HP: 4/49 MP: 6/6
  2358 | D:3      | Found a broken altar of Ashenzari.
  2767 | D:4      | Found a shimmering altar of Xom.
  2800 | D:4      | Found a blossoming altar of Fedhas.
  3696 | D:5      | Entered Level 5 of the Dungeon
  3696 | D:5      | Noticed Edmund
  3702 | D:5      | HP: 3/75 [Edmund/+1 dire flail of holy wrath (10)]
  3702 | D:5      | Mangled by Edmund

Illustrated notes

Levels and vault maps discovered:
D:1:      lordsloth_arrival_two_stooges, layout_basic
D:2:      layout_basic, grunt_ministairs_10, minmay_misc_feat_roman,
          nicolae_eternal_life
D:3:      layout_basic, ashenzari_altar_1,
          hellmonk_ecumenical_altar_leap_of_faith, uniq_jessica, uniq_grinder
D:4:      layout_basic, fedhas_altar_2, overflow_temple_1_default,
          minmay_fractal_squares_gapless_5
D:5:      layout_basic, minmay_temple_entry_large_hall,
          kennysheep_windowed_goal, uniq_edmund, uniq_sigmund

Skill      XL: |  1  2  3  4  5  6 |
---------------+-------------------+-----
Armour         | 2 |  2.2
Polearms       | 3 4 |  4.4
Dodging        | 2 |  2.7
Fighting       | 4 |  4.9
Long Blades    | 2 3 |  3.1
Stealth        | 1 |  1.7
Shields        | |  0.5

Action                     |  1- 3 |  4- 6 || total
---------------------------+-------+-------++-------
  Melee: Spear             |    76 |       ||    76
         Headbutt          |    16 |    14 ||    30
         Falchion          |    11 |    89 ||   100
 Invoke: Berserk           |     1 |     2 ||     3
         Trog's Hand       |       |     1 ||     1
    Use: Scroll            |     3 |     9 ||    12
         Potion            |       |     1 ||     1
   Stab: Sleeping          |     1 |     5 ||     6
 Armour: Animal skin       |    14 |    11 ||    25
  Dodge: Dodged            |    45 |    43 ||    88
  Block: Other             |       |    16 ||    16
